 Dungeon Crawl Stone Soup version 0.29.1-12-g30fa7ad0bf (webtiles) character file.

Game seed: 13090317986733755914

313 Amplified the Magician (level 6, -1/44 HPs)
             Began as a Mummy Hedge Wizard on Jan 6, 2023.
             Was a Believer of Cheibriados.
             Slain by a hobgoblin
             ... wielding a +0 long sword
              (9 damage)
             ... on level 4 of the Dungeon.
             The game lasted 00:10:08 (4227 turns).

Amplified the Magician (Mummy Hedge Wizard)         Turns: 4227, Time: 00:10:09

Health: -1/44      AC:  6    Str: 18    XL:     6   Next: 19%
Magic:  2/12       EV: 11    Int: 20    God:    Cheibriados [**....]
Gold:   139        SH:  5    Dex: 17    Spells: 9/14 levels left

rFire   x . .      SeeInvis .   m - +1 trident
rCold   + . .      Faith    .   d - +0 buckler
rNeg    + + +      Spirit   .   b - +0 robe
rPois   ∞          Reflect  .   c - +0 hat
rElec   .          Harm     .   f - scarf {+Inv}
rCorr   .          Rampage  .   (no gloves)
Will    .....                   (no boots)
Stlth   ++........              (no amulet)
HPRegen 0.14/turn               i - +4 ring of protection
MPRegen 0.13/turn               (no ring)

@: very slow
A: cold resistance 1, negative energy resistance 3, torment resistance 2, heat
vulnerability 1, in touch with death 1, no potions
a: Renounce Religion, Evoke Invisibility, Bend Time


You were on level 4 of the Dungeon.
You worshipped Cheibriados.
Cheibriados was pleased with you.
You visited 1 branch of the dungeon, and saw 5 of its levels.

You collected 139 gold pieces.

Inventory:

Hand Weapons
 k - the +2 quarterstaff of Olaelo {freeze, rN+ Str+4}
   (You found it on level 4 of the Dungeon)

   It freezes those it strikes, dealing additional cold damage.
   It can also slow down cold-blooded creatures.
   Str:       It affects your strength (+4).
   rN:        It protects you from negative energy.
 m - a +1 trident (weapon)
Armour
 b - a +0 robe (worn)
 c - a +0 hat (worn)
 d - a +0 buckler (worn)
 f - a scarf of invisibility (worn)
 h - a +0 pair of boots
Jewellery
 e - a ring of flight
 i - a +4 ring of protection (left hand)
Wands
 l - a wand of flame (16)
Scrolls
 g - a scroll of amnesia
 j - a scroll of magic mapping


   Skills:
 * Level 2.1 Fighting
 - Level 1.5 Dodging
 - Level 1.5 Stealth
 * Level 2.1 Shields
 - Level 4.5 Spellcasting
 * Level 2.5 Conjurations
 - Level 0.7 Summonings
 - Level 0.7 Translocations
 * Level 1.6 Air Magic
 * Level 1.6 Poison Magic
 - Level 0.3 Invocations


You had 9 spell levels left.
You knew the following spells:

 Your Spells              Type           Power      Damage    Failure   Level
a - Magic Dart            Conj           56%        1d5       6%          1
b - Slow                  Hex            16%        N/A       16%         1
c - Mephitic Cloud        Conj/Pois/Air  12%        N/A       22%         3

Your spell library contained the following spells:

 Spells                   Type           Power      Damage    Failure   Level
 Blink                    Tloc           14%        N/A       19%         2
 Call Imp                 Summ           7%         N/A       19%         2
 Conjure Flame            Conj/Fire      9%         6-21      28%         3
 Petrify                  Tmut/Erth      4%         N/A       85%         4
 Irradiate                Conj/Tmut      4%         3d13      95%         5
 Sublimation of Blood     Necr           Unusable   N/A       N/A         2

Dungeon Overview and Level Annotations

Branches:
Dungeon (5/15)
 Temple: D:4-7

Altars:
Cheibriados

Annotations:
D:3 Grinder


Innate Abilities, Weirdness & Mutations

You are immune to poison.
Your flesh is cold resistant. (rC+)
You are immune to negative energy. (rN+++)
You are immune to unholy pain and torment.
You are vulnerable to heat. (rF-)
You are in touch with the powers of death.
You do not drink.


Message History

Aiming: Throw Flame
Press: ? - help, Shift-Dir - straight line, f/p - orc wizard
Aim: an orc wizard, wielding a +0 dagger and wearing a +0 robe (severely wounded, 60% to hit)
The puff of flame hits the orc wizard!
You kill the orc wizard!
Cheibriados appreciates the change of pace.
Unknown command.
You block the hobgoblin's attack. The hobgoblin attacks as you move away!
The hobgoblin hits you but does no damage.
The hobgoblin closely misses you.
The hobgoblin hits you but does no damage.
You block the hobgoblin's attack. The hobgoblin barely misses you.
You hit the hobgoblin but do no damage. You block the hobgoblin's attack.
Press: ? - help, v - describe, . - travel
Here: a hobgoblin, wielding a +0 long sword The floor.
Unknown command.
You barely miss the hobgoblin.
The hobgoblin hits you with a +0 long sword.
The hobgoblin barely misses you.
The hobgoblin hits you with a +0 long sword.
The hobgoblin attacks as you move away! The hobgoblin barely misses you.
The hobgoblin hits you with a +0 long sword.
The hobgoblin attacks as you move away!
The hobgoblin hits you with a +0 long sword.
The hobgoblin hits you with a +0 long sword!
* * * LOW HITPOINT WARNING * * *
Okay, then.
The flow of time bends around you.
Cheibriados rebukes the hobgoblin.
The hobgoblin seems to slow down.
Cheibriados lowers the support of your attributes as your movement quickens.
Unknown command.
Unknown command.
Unknown command.
You barely miss the hobgoblin.
The hobgoblin hits you with a +0 long sword!
You die...

############
#...{..))(.#
#.########.##**
#...g@........#
#..######...#.#
#..#,.,,.....,#*******
#..#.#*##...#e,,,,,*,,
#..#.# ##o##.#***,,,*
#....#***..e,,.***,,,,
#..###*,,.#.,,..,,,,>*
#..####.#.,,,,,***,*,*
#.........,,,,,***,,,*


You could see a hobgoblin (slow).

Vanquished Creatures
  Duvessa (D:4)
  A scorpion (D:4)
  Dowan (D:4)
  An orc wizard (D:4)
  3 adders
  A dart slug (D:1)
  2 orcs
  5 bats
  8 endoplasms
  2 giant cockroaches (D:2)
  4 goblins
  4 hobgoblins
  3 jackals
  3 quokkas
  5 ball pythons
  A frilled lizard (D:1)
  5 kobolds
  7 rats
57 creatures vanquished.

Notes
Turn   | Place    | Note
-------+----------+-------------------------------------------
     0 | D:1      | Amplified the Mummy Hedge Wizard began the quest for the
                  | Orb.
     0 | D:1      | Reached XP level 1. HP: 13/13 MP: 5/5
   206 | D:1      | Reached skill level 1 in Conjurations
   488 | D:1      | Reached XP level 2. HP: 16/19 MP: 2/7
   490 | D:1      | Learned a level 1 spell: Slow
   943 | D:1      | Found a faded altar of an unknown god.
   971 | D:1      | Prayed at the altar of an unknown god.
   971 | D:1      | Became a worshipper of Cheibriados the Contemplative
   971 | D:1      | Reached * piety under Cheibriados
  1376 | D:1      | Reached skill level 1 in Shields
  2105 | D:2      | Gained mutation: You are in touch with the powers of death.
                  | [Mummy growth]
  2105 | D:2      | Reached XP level 3. HP: 24/24 MP: 5/8
  2964 | D:2      | Reached ** piety under Cheibriados
  3018 | D:2      | Learned a level 3 spell: Mephitic Cloud
  3247 | D:3      | Noticed Grinder
  3513 | D:4      | Identified the +2 quarterstaff of Olaelo {freeze, rN+
                  | Str+4}
  3530 | D:4      | Reached XP level 4. HP: 31/31 MP: 10/10
  3687 | D:4      | Noticed Duvessa
  3687 | D:4      | Noticed Dowan
  3710 | D:5      | Entered Level 5 of the Dungeon
  3710 | D:5      | Noticed an ice beast
  3989 | D:3      | Reached skill level 1 in Fighting
  4178 | D:4      | Noticed a scorpion
  4191 | D:4      | Killed a scorpion
  4192 | D:4      | Reached skill level 1 in Air Magic
  4192 | D:4      | Reached skill level 1 in Poison Magic
  4192 | D:4      | Reached XP level 5. HP: 30/37 MP: 5/11
  4192 | D:4      | Killed Duvessa
  4200 | D:4      | Killed Dowan
  4201 | D:4      | Reached XP level 6. HP: 30/44 MP: 0/12
  4227 | D:4      | Slain by a hobgoblin

Illustrated notes

Levels and vault maps discovered:
D:1:      minmay_arrival_solitary_statue, layout_basic,
          nicolae_ecumenical_snake_handling, minivault_26
D:2:      layout_basic
D:3:      layout_rooms, tso_oasis_becter, uniq_grinder
D:4:      dreamdust_elfheim, layout_loops_ring, nicolae_hepliaklqana_hippocampus
D:5:      layout_rooms, nicolae_overflow_crystal_walls,
          minmay_temple_entry_butterflies, st_stairs_8

Skill      XL: |  1  2  3  4  5 |
---------------+----------------+-----
Conjurations   | 1 2 |  2.5
Shields        | 1 2 |  2.1
Fighting       | 1 2 |  2.1
Air Magic      | 1 |  1.6
Poison Magic   | 1 |  1.6
Dodging        | |  1.5
Stealth        | |  1.5
Spellcasting   | |  4.5
Summonings     | |  0.7
Translocations | |  0.7
Invocations    | |  0.3

Action                   |  1- 3 |  4- 6 || total
-------------------------+-------+-------++-------
Melee: Dagger            |    87 |     9 ||    96
       Trident           |       |    28 ||    28
Throw: Throwing net      |       |     1 ||     1
 Cast: Magic Dart        |    72 |     6 ||    78
       Slow              |     3 |       ||     3
       Mephitic Cloud    |       |     5 ||     5
Invok: Bend Time         |       |     2 ||     2
Evoke: Wand              |       |     4 ||     4
  Use: Scroll            |     2 |     2 ||     4
 Stab: Sleeping          |     4 |       ||     4
       Confused          |       |     2 ||     2
Armor: Robe              |    20 |    26 ||    46
Dodge: Dodged            |    85 |    39 ||   124
Block: Buckler           |    12 |    17 ||    29
